 Seeded DCSS version 0.28-a0-1594-ga885d4b3d6 (webtiles) character file.

Game seed: 11 (custom seed)

17301 knot the Severer (level 12, 0/81 HPs)
             Began as a Demonspawn Berserker on Jan 20, 2022.
             Was an Elder of Trog.
             Slain by a komodo dragon (10 damage)
             ... on level 1 of the Lair of Beasts.
             The game lasted 00:27:57 (18222 turns).

knot the Severer (Demonspawn Berserker)            Turns: 18222, Time: 00:27:57

Health: 0/81       AC: 19    Str: 25    XL:     12   Next: 17%
Magic:  0/12       EV:  6    Int: 11    God:    Trog [****..]
Gold:   883        SH:  0    Dex: 14    Spells: 11/11 levels left

rFire   + . .      SeeInvis .   L - +4 battleaxe (vamp)
rCold   + + .      Faith    .   (shield currently unavailable)
rNeg    . . .      Spirit   +   n - +0 crystal plate armour
rPois   +          Reflect  .   E - +1 helmet
rElec   +          Harm     .   x - scarf {rC+ rF+}
rCorr   .          Rampage  .   z - +0 pair of gloves of the Lost Path {rPois Dex+2 Slay+3}
Will    .....                   F - +0 pair of boots "Riemin" {+Inv rPois}
Stlth   ..........              u - amulet of magic regeneration
HPRegen 0.23/turn               B - +6 ring of strength
MPRegen 0.66/turn               N - ring of protection from cold

@: no status effects
A: powered by death 2, magic shield, magic regeneration, sturdy frame 2,
weakness stinger 1, dopey 1, electricity resistance
a: Renounce Religion, Evoke Invisibility, Berserk, Trog's Hand, Brothers in Arms


You were on level 1 of the Lair of Beasts.
You worshipped Trog.
Trog was greatly pleased with you.
You visited 2 branches of the dungeon, and saw 12 of its levels.
You also visited: Sewer.

You collected 883 gold pieces.

Inventory:

Hand Weapons
 a - a +1 hand axe
 p - the +7 spear "Uhapass" {vorpal, Int+4}
   (You took it off an orc on level 10 of the Dungeon)

   It inflicts extra damage upon your enemies.
   Int:       It affects your intelligence (+4).
 y - a +3 spear of venom
 G - a +1 war axe of freezing
 L - a +4 vampiric battleaxe (weapon)
Missiles
 d - 267 stones
 j - 9 boomerangs
 C - 104 sling bullets
 D - 24 poisoned darts (quivered)
 I - an atropa-tipped dart
 O - 5 curare-tipped darts
Armour
 m - +0 acid dragon scales
 n - a +0 crystal plate armour (worn)
 x - a scarf of resistance (worn)
 z - the +0 pair of gloves of the Lost Path (worn) {rPois Dex+2 Slay+3}
   (You found it on level 10 of the Dungeon)

   Dex:       It affects your dexterity (+2).
   Slay:      It affects your accuracy & damage with ranged weapons and melee
   (+3).
   rPois:     It protects you from poison.
 E - a +1 helmet (worn)
 F - the +0 pair of boots "Riemin" (worn) {+Inv rPois}
   (You found it on level 7 of the Dungeon)

   rPois:     It protects you from poison.
   +Inv:      It lets you turn invisible.
Jewellery
 u - an amulet of magic regeneration (around neck)
 B - a +6 ring of strength (left hand)
 N - a ring of protection from cold (right hand)
Wands
 s - a wand of acid (8)
 v - a wand of flame (21)
 H - a wand of mindburst (9)
 J - a wand of charming (10)
 K - a wand of iceblast (8)
Scrolls
 b - 3 scrolls of fog
 e - 6 scrolls of identify
 i - a scroll of amnesia
 o - 3 scrolls of teleportation
 t - a scroll of fear
 M - a scroll of blinking
 P - a scroll of summoning
Potions
 c - 5 potions of brilliance
 f - 3 potions of mutation
 g - 2 potions of might
 h - a potion of lignification
 k - 3 potions of curing
 l - 2 potions of magic
 q - 3 potions of cancellation
 r - 3 potions of berserk rage
 w - 2 potions of flight
 A - a potion of haste
 Q - a potion of heal wounds {unknown}


   Skills:
 - Level 3.0 Fighting
 * Level 15.1 Axes
 * Level 10.7 Throwing
 - Level 1.7 Armour
 - Level 1.7 Dodging


You had 11 spell levels left.
You didn't know any spells.
Your spell library contained the following spells:

 Spells                   Type           Power      Damage    Failure   Level
 Foxfire                  Conj/Fire      0%         2x1d4     100%        1
 Blink                    Tloc           0%         N/A       100%        2
 Conjure Flame            Conj/Fire      0%         6-21      100%        3
 Frozen Ramparts          Ice            0%         1d2       100%        3
 Inner Flame              Hex/Fire       0%         N/A       100%        3
 Cause Fear               Hex            0%         N/A       100%        4
 Flame Wave               Conj/Fire      0%         2d4       100%        4
 Ice Form                 Ice/Tmut       0%         N/A       100%        4
 Summon Ice Beast         Ice/Summ       0%         N/A       100%        4
 Manifold Assault         Tloc           0%         N/A       100%        5
 Dragon Form              Tmut           0%         N/A       100%        7
 Storm Form               Tmut/Air       0%         N/A       100%        7
 Dragon's Call            Summ           0%         N/A       100%        9


Dungeon Overview and Level Annotations

Branches:
Dungeon (11/15)            Temple (0/1) D:7            Lair (1/6) D:11
    Orc (0/2) D:9           Sewer (visited)

Altars:
Ashenzari
Cheibriados
Dithmenos
Elyvilon
Hepliaklqana
Kikubaaqudgha
Makhleb
Ru
Trog
Uskayaw
Vehumet
Yredelemnul

Shops:
D:9 *


Innate Abilities, Weirdness & Mutations

You regenerate health from kills.
When hurt, damage is shared between your health and your magic reserves.
You regenerate magic rapidly.
Your movements are less encumbered by armour. (ER -4)
You have a small tail.
You are dopey. (Int -2)
You are resistant to electric shocks. (rElec)


Message History

The komodo dragon bites you! The komodo dragon bites you!! The yak gores you!
The yak gores you but does no damage. The komodo dragon bites you!
The yak gores you but does no damage. The komodo dragon bites you.
The yak gores you but does no damage. The yak gores you.
The komodo dragon bites you! The yak gores you but does no damage.
The yak gores you. The yak gores you! The komodo dragon bites you!
The yak gores you. The komodo dragon bites you!!
* * * LOW HITPOINT WARNING * * *
The yak gores you.
* * * LOW HITPOINT WARNING * * *
The yak gores you but does no damage. The yak gores you but does no damage.
The komodo dragon bites you but does no damage.
The yak gores you. The komodo dragon bites you!!
* * * LOW HITPOINT WARNING * * *
The yak gores you. The yak gores you but does no damage.
The yak gores you but does no damage. The komodo dragon bites you!
* * * LOW HITPOINT WARNING * * *
The yak gores you.
* * * LOW HITPOINT WARNING * * *
You turn to flesh and can move again.
Blink to where?
Press: ? - help, Dir - move target
As you read the scroll of blinking, it crumbles to dust.
Okay, then.
Okay, then.
Unknown command.
Aiming: Charm
Press: ? - help, Shift-Dir - straight line, f - komodo dragon
Aim: a komodo dragon (heavily wounded, chance to affect: 31%)
Okay, then.
Aiming: Charm
Press: ? - help, Shift-Dir - straight line, f - komodo dragon
Aim: a komodo dragon (heavily wounded, chance to affect: 31%)
The komodo dragon easily resists.
The komodo dragon bites you!
You die...

... #.# #.# ..# #.######..
... .Y# #........# ..# #Y#
#........# ##.## #l###
.........# ... #†#.##.##
#..../...# ###.# ##§Y....(.
#..[.....###.#.####l..##P###
#...............@lYY.##
.......<.#.###.####..#
..........## #.# ##.#
#.........# #.# P.#
#....^...## #.# #.#
#........# #.# #.#
#........# #.# .# #.........
... .. ..........


You could see 2 komodo dragons and 3 yaks.

Vanquished Creatures
  A boulder beetle (D:11)
  An ogre mage (D:10)
  2 two-headed ogres (D:10)
  An orc knight (D:10)
  A cyclops (D:10)
  A manticore (D:11)
  An elephant (D:11)
  An ugly thing (D:10)
  Maurice (D:10)
  A kobold demonologist (D:10)
  A komodo dragon (shapeshifter) (D:11)
  3 trolls
  2 hornets
  2 shadows
  2 wraiths (D:10)
  7 yaks
  2 wyverns
  2 basilisks
  Eustachio (D:4)
  A fire elemental (D:7)
  2 fire bats (D:7)
  A human (shapeshifter) (D:10)
  A steam dragon (D:8)
  4 vampire mosquitoes
  2 acid dragons
  A water moccasin (Lair:1)
  5 orc warriors
  2 sky beasts
  3 black bears
  3 ice beasts
  5 ogres
  8 centaurs
  2 necrophages
  4 kobold brigands
  2 phantoms
  A bullfrog (D:9)
  A wyvern zombie (D:5)
  2 scorpions
  6 gnoll sergeants
  2 wyvern skeletons (D:6)
  19 killer bees
  A wight (D:10)
  A howler monkey (D:9)
  5 centaur zombies
  3 jellies
  3 orc priests
  3 gnoll shamans
  2 hounds
  3 bullfrog skeletons
  2 iguanas
  11 orc wizards
  A killer bee zombie (D:7)
  A centaur simulacrum (D:10)
  A howler monkey zombie (D:6)
  2 howler monkey skeletons (D:6)
  13 gnolls
  5 adders
  7 river rats
  A worm (D:2)
  A dart slug (D:3)
  18 orcs
  6 endoplasms
  4 giant cockroaches
  4 goblins
  3 hobgoblins
  4 jackals
  17 kobolds
  2 quokkas
  11 ball pythons
  8 bats
  5 frilled lizards
  16 rats
274 creatures vanquished.

Vanquished Creatures (collateral kills)
  A vampire mosquito (D:11)
  A hound (D:7)
  A gnoll shaman (D:7)
  3 gnolls (D:7)
  An orc (D:7)
7 creatures vanquished.

Vanquished Creatures (others)
  A hornet (D:7)
  A yak (D:11)
  Menkaure (D:7)
  A white imp (D:6)
  A fungus (Lair:1)
5 creatures vanquished.

Grand Total: 286 creatures vanquished

Notes
Turn   | Place    | Note
-------+----------+-------------------------------------------
     0 | D:1      | knot the Demonspawn Berserker began the quest for the Orb.
     0 | D:1      | Reached XP level 1. HP: 18/18 MP: 1/1
    53 | D:1      | Reached skill level 3 in Axes
    62 | D:1      | Gained mutation: You regenerate a little health from kills.
                  | [demonic ancestry]
    62 | D:1      | Reached XP level 2. HP: 11/24 MP: 2/2
   524 | D:1      | Found a faded altar of an unknown god.
   805 | D:2      | Reached ** piety under Trog
   806 | D:2      | Gained mutation: Your movements are slightly less
                  | encumbered by armour. (ER -2) [demonic ancestry]
   806 | D:2      | Reached XP level 3. HP: 26/29 MP: 3/3
  1215 | D:2      | Reached skill level 4 in Axes
  2397 | D:3      | Found a glowing drain.
  2408 | D:3      | Reached XP level 4. HP: 24/35 MP: 4/4
  2417 | Sewer    | Entered a sewer
  2715 | Sewer    | Reached skill level 5 in Axes
  3169 | Sewer    | Reached XP level 5. HP: 33/41 MP: 5/5
  3218 | Sewer    | Reached *** piety under Trog
  3853 | D:3      | Found a shadowy altar of Dithmenos.
  3856 | D:3      | Found a bloodstained altar of Trog.
  3857 | D:3      | Found a basalt altar of Yredelemnul.
  3857 | D:3      | Found a radiant altar of Vehumet.
  3857 | D:3      | Found a burning altar of Makhleb.
  3859 | D:3      | Found a broken altar of Ashenzari.
  3860 | D:3      | Found a snail-covered altar of Cheibriados.
  3862 | D:3      | Found a sacrificial altar of Ru.
  4135 | D:4      | Reached skill level 6 in Axes
  4139 | D:4      | HP: 2/41 [poisoned by a scorpion]
  4593 | D:3      | Gained mutation: You have a small tail. [demonic ancestry]
  4593 | D:3      | Reached XP level 6. HP: 41/47 MP: 6/6
  5067 | D:4      | Noticed Eustachio
  5145 | D:4      | Killed Eustachio
  5146 | D:4      | Reached skill level 7 in Axes
  5319 | D:4      | Gained mutation: You regenerate health from kills. [demonic
                  | ancestry]
  5319 | D:4      | Reached XP level 7. HP: 40/52 MP: 7/7
  5929 | D:5      | Entered Level 5 of the Dungeon
  6104 | D:5      | Reached skill level 8 in Axes
  6651 | D:5      | Reached skill level 9 in Axes
  6651 | D:5      | Reached XP level 8. HP: 58/58 MP: 8/8
  8158 | D:5      | Reached skill level 10 in Axes
  8245 | D:6      | Gained mutation: You are resistant to electric shocks.
                  | (rElec) [potion of mutation]
  8245 | D:6      | Gained mutation: You are dopey. (Int -2) [potion of
                  | mutation]
  8726 | D:6      | Reached skill level 11 in Axes
  8728 | D:6      | Gained mutation: You regenerate magic rapidly. [demonic
                  | ancestry]
  8728 | D:6      | Reached XP level 9. HP: 63/63 MP: 9/9
  9105 | D:6      | Reached skill level 1 in Throwing
 10425 | D:7      | Found a transporter.
 10677 | D:8      | Reached skill level 12 in Axes
 11039 | D:8      | Reached skill level 5 in Throwing
 11068 | D:8      | Found a hide-covered altar of Uskayaw.
 11420 | D:8      | Reached XP level 10. HP: 67/70 MP: 10/10
 11438 | D:8      | Found an ancient bone altar of Kikubaaqudgha.
 11447 | D:8      | Found a hazy altar of Hepliaklqana.
 12277 | D:7      | Found a staircase to the Ecumenical Temple.
 12472 | D:7      | Paralysed by a hornet for 1 turns
 12479 | D:7      | Noticed Menkaure
 12500 | D:7      | Your ally Menkaure died
 12793 | D:7      | Found a transporter.
 13208 | D:7      | Identified the +0 pair of boots "Riemin" {+Inv rPois}
 13621 | D:9      | Found a staircase to the Orcish Mines.
 13648 | D:9      | Reached skill level 13 in Axes
 13850 | D:9      | Found Taakeir's General Store.
 14736 | D:10     | Entered Level 10 of the Dungeon
 14764 | D:10     | Identified the +0 pair of gloves of the Lost Path {rPois
                  | Dex+2 Slay+3}
 15200 | D:10     | Noticed a two-headed ogre
 15206 | D:10     | Killed a two-headed ogre
 15207 | D:10     | Gained mutation: When hurt, damage is shared between your
                  | health and your magic reserves. [demonic ancestry]
 15207 | D:10     | Reached XP level 11. HP: 75/75 MP: 11/11
 15299 | D:10     | Noticed a sun demon
 15355 | D:10     | Identified the +7 spear "Uhapass" {vorpal, Int+4}
 15361 | D:10     | Noticed Maurice
 15409 | D:10     | Killed Maurice
 15520 | D:10     | Reached skill level 14 in Axes
 15700 | D:10     | Noticed an ogre mage
 15707 | D:10     | Killed an ogre mage
 16221 | D:10     | Noticed a green ugly thing
 16221 | D:10     | Noticed an orc knight
 16229 | D:10     | Killed a green ugly thing
 16238 | D:10     | Killed an orc knight
 16474 | D:10     | Noticed a two-headed ogre
 16484 | D:10     | Killed a two-headed ogre
 17161 | D:11     | Reached **** piety under Trog
 17162 | D:11     | Reached skill level 10 in Throwing
 17329 | D:11     | Noticed a boulder beetle
 17346 | D:11     | Killed a boulder beetle
 17427 | D:11     | Found a staircase to the Lair.
 17438 | D:11     | Gained mutation: Your movements are less encumbered by
                  | armour. (ER -4) [demonic ancestry]
 17438 | D:11     | Reached XP level 12. HP: 81/81 MP: 12/12
 17444 | D:11     | Reached skill level 15 in Axes
 18184 | Lair:1   | Entered Level 1 of the Lair of Beasts
 18222 | Lair:1   | Slain by a komodo dragon

Illustrated notes

Levels and vault maps discovered:
D:1:      minmay_arrival_nine_rooms, layout_rooms, basic_ecumenical_altar
D:2:      layout_basic
D:3:      layout_loops_ring, minitemple, portal_sewer_entry_b,
          lemuel_old_faithful
D:4:      layout_basic, uniq_eustachio
D:5:      layout_layer_cave, minivault_24
D:6:      minmay_chambers_of_threes, layout_basic
D:7:      gammafunk_cloud_chamber, layout_loops_cross, lemuel_temple_firewalk_b,
          uniq_menkaure
D:8:      minmay_flawed_box, layout_basic, lemuel_coloured_pillars_altar,
          grunt_temple_overflow_open, serial_aquarium,
          aquarium_bridge_island_small [aquarium_subvault_small_water,
          aquarium_subvault_balcony, aquarium_subvault_balcony,
          aquarium_subvault_bridge, aquarium_subvault_wall],
          aquarium_window_fake, aquarium_window_fake, aquarium_window_fake,
          aquarium_view_2c, aquarium_view_2g, aquarium_pool_double
D:9:      minmay_general_purpose_star, layout_loops_ring,
          kennysheep_orc_monster_closet_entryway, serial_shops,
          nicolae_shop_crystal, minmay_misc_feat_nine_boxes,
          hangedman_decor_points
D:10:     minmay_the_grid_net [minmay_the_grid_outer_diamond,
          minmay_the_grid_minigrid_medium, minmay_the_grid_spikes,
          minmay_the_grid_slots, minmay_the_grid_small_cups,
          minmay_the_grid_prize_inner_circle], layout_stronghold, uniq_maurice
D:11:     layout_roguey, david_lair_generic
Lair:1:   layout_small_grid, portal_ice_cave_rime

Skill      XL: |  1  2  3  4  5  6  7  8  9 10 11 12 |
---------------+-------------------------------------+-----
Axes           | 3 4 5 6 7 9 11 12 13 14 15 | 15.1
Throwing       | 5 7 10 | 10.7
Fighting       | |  3.0
Armour         | |  1.7
Dodging        | |  1.7

Action                   |  1- 3 |  4- 6 |  7- 9 | 10-12 || total
-------------------------+-------+-------+-------+-------++-------
Melee: Hand axe          |   133 |   183 |   358 |    85 ||   759
       Punch             |     1 |       |     6 |     3 ||    10
       Tailslap          |       |     5 |    40 |    51 ||    96
       War axe           |       |       |       |   103 ||   103
       Battleaxe         |       |       |       |   134 ||   134
       Spear             |       |       |       |    13 ||    13
Throw: Stone             |       |     5 |       |       ||     5
       Boomerang         |       |       |    16 |    29 ||    45
       Dart              |       |       |       |    33 ||    33
Invok: Berserk           |     3 |     5 |    17 |    13 ||    38
       Trog's Hand       |       |     3 |     4 |     2 ||     9
Evoke: Wand              |       |       |     2 |    10 ||    12
  Use: Scroll            |     1 |       |    14 |     6 ||    21
       Potion            |       |     2 |     4 |     4 ||    10
 Stab: Sleeping          |     2 |     4 |     1 |       ||     7
       Invisible         |       |     1 |       |    17 ||    18
Armor: Animal skin       |    21 |       |       |       ||    21
       Leather armour    |    11 |    24 |    30 |       ||    65
       Skin              |       |       |    20 |     6 ||    26
       Crystal plate arm |       |       |   114 |   284 ||   398
Dodge: Dodged            |   107 |   109 |   121 |    92 ||   429

Table legend: (Time is in decaauts)
 A = Elapsed time spent in this place.
 B = Non-inter-level travel time spent in this place.
 C = Inter-level travel time spent in this place.
 D = Time resting spent in this place.
 E = Time spent auto-exploring this place.
 F = Levels seen in this place.
 G = Mean time per level.
                   A        B        C        D        E       F      G
               +--------+--------+--------+--------+--------+-----+--------+
         Total |  18517 |  17685 |    832 |   6030 |   9288 |  13 | 1424.4 |
       Dungeon |  17384 |  16552 |    832 |   5678 |   8769 |  11 | 1580.4 |
          Lair |     38 |     38 |      0 |      0 |      0 |   1 |   38.0 |
         Sewer |   1094 |   1094 |      0 |    352 |    519 |   1 | 1094.0 |
               +--------+--------+--------+--------+--------+-----+--------+

Top non-repeatable levels by time:
     D:6: 2437 daAuts
    D:10: 2225 daAuts
     D:5: 1927 daAuts
     D:8: 1760 daAuts
     D:7: 1667 daAuts
     D:4: 1642 daAuts
     D:2: 1574 daAuts
    D:11: 1251 daAuts
     D:9: 1155 daAuts
   Sewer: 1094 daAuts
     D:3: 953 daAuts
     D:1: 789 daAuts
  Lair:1: 38 daAuts
